 Dungeon Crawl Stone Soup version 0.22-a0-406-g9ff8d77 (webtiles) character file.

7163 Borgoz the Fighter (level 11, 0/106 HPs)
             Began as a Gargoyle Berserker on May 8, 2018.
             Was a High Priest of Trog.
             Slain by a spark wasp (5 damage)
             ... on level 2 of the Abyss.
             The game lasted 00:17:21 (9700 turns).

Borgoz the Fighter (Gargoyle Berserker)             Turns: 9700, Time: 00:17:22

Health: 0/106      AC: 27    Str: 25    XL:     11   Next: 11%
Magic:  11/11      EV:  5    Int: 11    God:    Trog [*****.]
Gold:   546        SH: 11    Dex: 12    Spells: 10/10 levels left

rFire    . . .     SeeInvis .   a - +2 hand axe
rCold    + . .     Gourm    +   C - +1 shield of Byloq {Regen+ Stlth+}
rNeg     + . .     Faith    .   e - +0 plate armour
rPois    ∞         Spirit   .   (no helmet)
rElec    +         Reflect  .   d - +2 cloak
rCorr    .         Harm     .   (no gloves)
MR       .....                  y - +0 pair of boots of the Okapi {Int+2}
Stlth    ..........             n - amulet of the gourmand
HPRegen  0.67/turn              F - ring of protection from cold
MPRegen  0.12/turn              (no ring)

@: berserking, constricted, very quick
A: negative energy resistance 1, electricity resistance, unbreathing,
petrification resistance, rot immunity, AC +8
a: Berserk, Trog's Hand, Brothers in Arms, Renounce Religion


You were on level 2 of the Abyss.
You worshipped Trog.
Trog was extremely pleased with you.
You were very full.

You visited 1 branch of the dungeon, and saw 8 of its levels.
You visited the Abyss 1 time.
You also visited: Ossuary.

You collected 546 gold pieces.

Inventory:

Hand Weapons
 a - a +2 hand axe (weapon)
 b - a +1 whip of freezing
 z - a +3 quarterstaff of chaos
Armour
 d - a +2 cloak (worn)
 e - a +0 plate armour (worn)
 y - the +0 pair of boots of the Okapi (worn) {Int+2}
   (You found it on level 5 of the Dungeon)

   It affects your intelligence (+2).
 C - the +1 shield of Byloq (worn) {Regen+ Stlth+}
   (You found it on level 7 of the Dungeon)

   It increases your rate of regeneration.
   It makes you more stealthy.
 E - the +3 warlock's mirror {reflect}
   (You found it on level 8 of the Dungeon)
 H - the +3 ring mail "Alluma Hefu" {*Corrode rElec rC+ Slay+2, unknown}
   (You found it on level 2 of the Abyss)

   It affects your accuracy and damage with ranged weapons and melee attacks
   (+2).
   It protects you from cold.
   It insulates you from electricity.
   It may corrode you when you take damage.
Jewellery
 n - an amulet of the gourmand (around neck)
 F - a ring of protection from cold (left hand)
Wands
 s - a wand of random effects (19)
 I - a wand of paralysis (15)
Scrolls
 f - 6 scrolls of teleportation
 h - 2 scrolls of amnesia {unknown}
 l - a scroll of enchant weapon {unknown}
 o - 10 scrolls of identify {unknown}
 p - 2 scrolls of remove curse
 w - a scroll of fear {unknown}
 x - a scroll of magic mapping
 B - a scroll of enchant armour {unknown}
 D - a scroll of fog {unknown}
Potions
 g - a potion of might {unknown}
 i - a potion of agility {unknown}
 j - 2 potions of flight {unknown}
 k - 2 potions of cancellation {unknown}
 m - 6 potions of curing {unknown}
 q - a potion of haste {unknown}
 r - 3 potions of berserk rage {unknown}
 t - 3 potions of mutation {unknown}
 u - 7 potions of heal wounds
 v - 3 potions of resistance {unknown}
 A - 3 potions of lignification {unknown}
Comestibles
 c - 19 rations
 G - 5 chunks of flesh


   Skills:
 + Level 9.5 Fighting
 + Level 7.9 Axes
 + Level 9.2 Armour
 + Level 7.0 Dodging
 + Level 4.4 Shields


You had 10 spell levels left.
You didn't know any spells.

Dungeon Overview and Level Annotations

Branches:
Dungeon (8/15)             Temple (0/1) D:4            Lair (0/6) D:8

Altars:
Cheibriados
Elyvilon
Kikubaaqudgha
Nemelex Xobeh
Trog
Vehumet
Zin


Innate Abilities, Weirdness & Mutations

You are resistant to torment.
Your stone body is resilient. (AC +8)
You are immune to poison.
You resist negative energy. (rN+)
You are resistant to electric shocks. (rElec)
You can survive without breathing.
You are immune to petrification.
You are immune to rotting.


Message History

Your plate armour prevents you from hitting the naga.
You block the spark wasp's attack.
The guardian serpent coils itself and performs some mystic snake dance.
The naga blinks!
You block the warg's attack. The naga hits you but does no damage.
The naga constricts you.
You closely miss the naga. You hit the plant. You miss the spark wasp.
You slash the redback! You hit the warg. You closely miss the naga.
The jumping spider leaps!
The redback bites you but does no damage.
The spark wasp stings you but does no damage.
The warg bites you but does no damage. You block the naga's attack.
You closely miss the naga. You hit the naga. You closely miss the warg.
You slash the redback!
You hit the spark wasp but do no damage.
You hit the plant.
The redback splashes around in the water.
The spark wasp stings you!!
* * * LOW HITPOINT WARNING * * *
The spark wasp shocks you. You resist.
You die...

#...##...# .....
#.
#........#....#.#.
##'###.. '....###
#.§.##...#....# .
#...'....#
......#.
#...##...#.. . ..
#...## ..#. ...
#NN.##... ..#.
.#.. #≈@P##...#.
#.. ..


#hsy# ...#........ #...s.S≈#....#.. . . #..≈.≈..#....#. .## . #.≈...≈.. .. . # #
#.....≈≈.# . #. . $[§#####≈≈' . . . . [8) ≈≈#. ($ ## .# . . You could see a
spark wasp, a guardian serpent, a warg, a jumping spider, a redback and 2 nagas.

Vanquished Creatures
  Pikel (D:4)
  4 hippogriffs
  A wraith (D:8)
  5 yaks (D:8)
  Eustachio (D:4)
  A steam dragon (D:7)
  The ghost of azzavlup the Charmwright, an amateur DrSk (D:4)
  2 basilisks (D:8)
  The ghost of nikopol the Digger, an amateur GrEE (D:5)
  5 porcupines (D:8)
  2 ice beasts
  An orc warrior (D:7)
  4 slaves (D:3)
  5 ogres
  5 centaurs
  A crocodile (D:8)
  A gnoll sergeant (D:6)
  2 big kobolds (D:7)
  A bullfrog (D:8)
  A wyvern zombie (D:7)
  2 scorpions
  6 killer bees (D:8)
  5 wights (D:8)
  A howler monkey (D:5)
  3 electric eels (D:7)
  2 quasits
  4 crimson imps
  Crazy Yiuf (D:6)
  3 hounds
  A jelly (D:7)
  2 centaur skeletons
  4 human zombies (D:8)
  2 orc priests
  7 worker ants
  Ijyb (D:4)
  A human skeleton (D:8)
  10 orc wizards
  An ogre zombie (D:8)
  15 mummies
  8 gnolls
  A howler monkey zombie (D:5)
  A howler monkey skeleton (D:4)
  12 adders
  A shadow imp (D:8)
  An ooze (D:2)
  An adder skeleton (D:8)
  3 worms
  5 dart slugs
  6 leopard geckos
  23 orcs
  5 giant cockroaches
  6 goblins
  6 hobgoblins
  13 jackals
  19 kobolds
  4 quokkas
  3 ball pythons (D:2)
  12 bats
  4 frilled lizards
  3 gnoll skeletons (Ossuary)
  A goblin skeleton (Ossuary)
  5 orc skeletons
  2 quokka skeletons
  11 rats
  11 rat skeletons (Ossuary)
283 creatures vanquished.

Vanquished Creatures (others)
  4 orcs (D:7)
  2 bushes (D:8)
  4 fungi (D:8)
  15 plants (D:8)
25 creatures vanquished.

Grand Total: 308 creatures vanquished

Notes
Turn   | Place    | Note
-------+----------+-------------------------------------------
     0 | D:1      | Borgoz the Gargoyle Berserker began the quest for the Orb.
     0 | D:1      | Reached XP level 1. HP: 14/14 MP: 1/1
   106 | D:1      | Reached XP level 2. HP: 16/19 MP: 2/2
   451 | D:1      | Reached XP level 3. HP: 23/23 MP: 3/3
   663 | D:1      | Reached ** piety under Trog
   842 | D:2      | Reached XP level 4. HP: 11/29 MP: 4/4
  1151 | D:2      | Found a glowing silver altar of Zin.
  1210 | D:2      | Found a white marble altar of Elyvilon.
  1281 | D:2      | Reached XP level 5. HP: 21/33 MP: 5/5
  1744 | D:3      | Found a faded altar of an unknown god.
  1764 | D:3      | Reached *** piety under Trog
  2692 | D:4      | Noticed Ijyb
  2695 | D:4      | Noticed azzavlup's ghost (amateur DrSk)
  2750 | D:4      | Found a bloodstained altar of Trog.
  2750 | D:4      | Noticed a slave
  2750 | D:4      | Noticed a slave
  2751 | D:4      | Noticed a slave
  2787 | D:3      | HP: 1/34 [something/puff of flame (10)]
  2791 | D:3      | Killed a slave
  2903 | D:4      | Noticed a slave
  2905 | D:4      | Noticed Pikel
  2916 | D:3      | Reached XP level 6. HP: 13/39 MP: 6/6
  2927 | D:3      | Killed a slave
  3204 | D:3      | Killed a slave
  3224 | D:3      | Killed a slave
  3318 | D:4      | Killed Pikel
  3318 | D:4      | Reached skill level 5 in Fighting
  3318 | D:4      | Reached XP level 7. HP: 44/44 MP: 7/7
  3387 | D:4      | Reached skill level 5 in Armour
  3398 | D:4      | Reached XP level 8. HP: 17/51 MP: 8/8
  3586 | D:4      | Found a snail-covered altar of Cheibriados.
  3772 | D:4      | Killed azzavlup's ghost
  3772 | D:4      | Reached skill level 5 in Axes
  3791 | D:4      | Killed Ijyb
  3811 | D:4      | Reached **** piety under Trog
  3821 | D:4      | Found a staircase to the Ecumenical Temple.
  4051 | D:4      | Noticed Eustachio
  4068 | D:4      | Killed Eustachio
  4329 | D:5      | Entered Level 5 of the Dungeon
  4373 | D:5      | Found a sand-covered staircase.
  4418 | Ossuary  | Entered an ossuary
  5045 | D:5      | Reached ***** piety under Trog
  5114 | D:5      | Reached XP level 9. HP: 34/56 MP: 9/9
  5208 | D:5      | Noticed nikopol's ghost (amateur GrEE)
  5238 | D:5      | Killed nikopol's ghost
  5357 | D:5      | Reached skill level 5 in Dodging
  5563 | D:5      | Got a pair of pitted boots
  5569 | D:5      | Identified the +0 pair of boots of the Okapi {Int+2} (You found it on level 5 of the Dungeon)
  6484 | D:6      | Found a runed door.
  6690 | D:6      | Noticed Crazy Yiuf
  6693 | D:6      | Killed Crazy Yiuf
  7212 | D:7      | Received a gift from Trog
  7516 | D:7      | Reached XP level 10. HP: 51/64 MP: 10/10
  7687 | D:7      | Got an encrusted shield
  7697 | D:7      | Identified the +1 shield of Byloq {Regen+ Stlth+} (You found it on level 7 of the Dungeon)
  7809 | D:7      | Found a sparkling altar of Nemelex Xobeh.
  7809 | D:7      | Found a radiant altar of Vehumet.
  7887 | D:7      | Reached skill level 1 in Shields
  8391 | D:8      | Found the +3 warlock's mirror {reflect}
  8528 | D:8      | Found a staircase to the Lair.
  8737 | D:8      | Received a gift from Trog
  9107 | D:8      | Reached XP level 11. HP: 71/71 MP: 11/11
  9122 | D:8      | Found an ancient bone altar of Kikubaaqudgha.
  9649 | D:8      | Cast into level 2 of the Abyss (wight)
  9670 | Abyss:2  | Got an encrusted ring mail
  9694 | Abyss:2  | Noticed a spark wasp
  9700 | Abyss:2  | HP: 5/106 [spark wasp (20)]
  9700 | Abyss:2  | Slain by a spark wasp

Vault maps used:
D:1:      dpeg_arrival_water_fire, hangedman_decor_diamond_cutter,
          minmay_tetromino_l2
D:2:      nicolae_overflow_hidden_temple, zin_statuary, minmay_ruptured
D:3:      chequers_ecumenical_altar_island
D:4:      bloody_trog, temple_hall, first_ration, kennysheep_slug_shrine,
          uniq_ijyb, uniq_eustachio, uniq_pikel
D:5:      enter_ossuary_1, kennysheep_generic_room_10
D:6:      uniq_crazy_yiuf_cottage
D:7:      wad_river_or_something, gammafunk_temple_overflow_wave
D:8:      lemuel_mausoleum_altar_kikubaaqudgha, minmay_lair_entry_grove
Abyss:2:  evilmike_abyss_exit_10, hangedman_abyss_theft
Ossuary:  ossuary_due_small_catacomb

Skill      XL: |  1  2  3  4  5  6  7  8  9 10 11 |
---------------+----------------------------------+-----
Axes           | 3 4 5 6 7 |  7.9
Dodging        | 2 3 4 5 6 7 |  7.0
Armour         | 3 4 5 6 7 9 |  9.2
Fighting       | 4 5 6 8 9 |  9.5
Shields        | 4 |  4.4

Action                   |  1- 3 |  4- 6 |  7- 9 | 10-12 || total
-------------------------+-------+-------+-------+-------++-------
Melee: Hand axe          |   133 |   334 |   746 |   551 ||  1764
Invok: Berserk           |       |     1 |     6 |     1 ||     8
  Use: Potion            |       |     4 |     1 |       ||     5
       Scroll            |       |       |     4 |       ||     4
  Eat: Chunk             |       |     5 |    30 |    12 ||    47
       Ration            |       |     1 |       |       ||     1
Armor: Plate armour      |   159 |   357 |   520 |   376 ||  1412
       Animal skin       |     1 |       |       |       ||     1
Dodge: Dodged            |    66 |   125 |   267 |   159 ||   617
Block: Shield            |       |       |       |   263 ||   263

Table legend:
 A = Spawn XP
 B = Non-spawn XP
 C = Spawn XP percentage of total XP
 D = Spawn monster count
 E = Non-spawn monster count
 F = Spawn count percentage of total count
 G = Total turns spent on level
                    A         B        C        D         E        F      G
               +---------+---------+-------+---------+---------+-------+---------
         Total |       0 |   10234 |   0.0 |       0 |     279 |   0.0 |  9700
               +---------+---------+-------+---------+---------+-------+---------
           D:1 |       0 |      56 |   0.0 |       0 |      32 |   0.0 |   800
           D:2 |       0 |     114 |   0.0 |       0 |      30 |   0.0 |  1012
           D:3 |       0 |     180 |   0.0 |       0 |      23 |   0.0 |  1465
           D:4 |       0 |    1492 |   0.0 |       0 |      25 |   0.0 |  1052
           D:5 |       0 |     971 |   0.0 |       0 |      29 |   0.0 |   990
           D:6 |       0 |     404 |   0.0 |       0 |      12 |   0.0 |   810
           D:7 |       0 |    1911 |   0.0 |       0 |      43 |   0.0 |  1563
           D:8 |       0 |    4873 |   0.0 |       0 |      54 |   0.0 |  1334
       Ossuary |       0 |     233 |   0.0 |       0 |      31 |   0.0 |   623
               +---------+---------+-------+---------+---------+-------+---------
